 Dungeon Crawl Stone Soup version 0.24-a0-784-g601f8f6d22 (webtiles) character file.

Game seed: 17943516438016442589, levelgen mode: deterministic

340 Froggeryz the Slicer (level 6, -3/40 HPs)
             Began as a Kobold Chaos Knight on Oct 9, 2019.
             Was a Plaything of Xom.
             Slain by a worker ant (7 damage)
             ... on level 4 of the Dungeon.
             The game lasted 00:05:25 (2204 turns).

Froggeryz the Slicer (Kobold Chaos Knight)          Turns: 2204, Time: 00:05:26

Health: -3/40      AC:  6    Str: 11    XL:     6   Next: 87%
Magic:  6/6        EV: 13    Int: 13    God:    Xom [...*..]
Gold:   96         SH:  0    Dex: 15    Spells: 5/5 levels left

rFire    + . .     SeeInvis .   a - +1 short sword (chaos)
rCold    . . .     Gourm    .   (shield restricted)
rNeg     . . .     Faith    .   o - +1 ring mail {rF+}
rPois    .         Spirit   .   (no helmet)
rElec    .         Reflect  .   (no cloak)
rCorr    .         Harm     .   (no gloves)
MR       .....                  (no boots)
Stlth    ++........             (no amulet)
HPRegen  0.13/turn              p - ring of stealth
MPRegen  0.10/turn              (no ring)

@: lethally poisoned (-3 -> -9)
A: small, carnivore
a: Renounce Religion


You were on level 4 of the Dungeon.
You worshipped Xom.
You were a favourite toy of Xom.
You were very full.

You visited 1 branch of the dungeon, and saw 4 of its levels.

You collected 96 gold pieces.

Inventory:

Hand Weapons
 a - a +1 short sword of chaos (weapon)
 k - a +0 short sword
Missiles
 j - 32 poisoned darts (quivered)
 n - 4 datura-tipped darts
Armour
 o - a +1 ring mail of fire resistance (worn)
Jewellery
 p - a ring of stealth (left hand)
Wands
 u - a wand of acid (8)
Scrolls
 d - a scroll of fog {unknown}
 e - 2 scrolls of amnesia {unknown}
 f - 3 scrolls of enchant weapon
 g - 2 scrolls of magic mapping {unknown}
 i - 2 scrolls of fear {unknown}
 q - 2 scrolls of remove curse {unknown}
 s - a scroll of teleportation {unknown}
 t - a scroll of enchant armour {unknown}
Potions
 b - a potion of flight {unknown}
 h - 2 potions of curing
 l - a potion of heal wounds {unknown}
 m - a potion of degeneration {unknown}
 r - a potion of magic {unknown}
Comestibles
 c - 6 rations


   Skills:
 - Level 5.0 Fighting
 * Level 8.1 Short Blades
 - Level 0.7 Armour
 + Level 2.8 Dodging


You had 5 spell levels left.
You didn't know any spells.
Your spell library was empty.

Dungeon Overview and Level Annotations

Branches:
Dungeon (4/15)
 Temple: D:4-7

Altars:


Innate Abilities, Weirdness & Mutations

You are small and have problems with some larger weapons.
You are carnivorous and can eat meat at any time.


Message History

You closely miss something. Something bites you.
Throwing (i - inventory. (/) - cycle)
j - 33 poisoned darts (quivered)
Press: ? - help, Shift-Dir - straight line, f - adder
Aim: an adder You throw a poisoned dart.
The poisoned dart hits the adder.
The adder is poisoned.
Something bites you.
You are poisoned.
Something poisons you! Something completely misses you.
Okay, then.
You feel sick. Something bites you.
* * * LOW HITPOINT WARNING * * *
You barely miss something. Something bites you!
* * * LOW HITPOINT WARNING * * *
You emit a cloud of colourful smoke!
Okay, then.
You feel better. Something bites you!
* * * LOW HITPOINT WARNING * * *
You are lethally poisoned!
Something poisons you! Something bites you!
You die...

##.....######..
......## ###. ......#
......# ####### #.#
.....#########..
(....(S§§§§....#
################@######
...)...#.......#§#
.#.#.#.#.#.#.#.#§#
.......†.........#
###+##############


You could see an adder.

Vanquished Creatures
  A swamp drake (D:2)
  A howler monkey (D:4)
  An orc wizard (D:3)
  Jessica (D:2)
  A worker ant (D:4)
  A worker ant zombie (D:3)
  4 adders
  An ooze (D:4)
  A worm (D:3)
  4 dart slugs (D:1)
  2 leopard geckos
  8 orcs (D:3)
  5 bats
  3 giant cockroaches
  2 goblins
  5 hobgoblins
  3 jackals
  2 quokkas (D:4)
  2 ball pythons
  2 frilled lizards
  8 kobolds
  8 rats
66 creatures vanquished.

Notes
Turn   | Place    | Note
-------+----------+-------------------------------------------
     0 | D:1      | Froggeryz the Kobold Chaos Knight began the quest for the
                  | Orb.
     0 | D:1      | Reached XP level 1. HP: 14/14 MP: 1/1
   110 | D:1      | Reached XP level 2. HP: 19/19 MP: 2/2
   175 | D:1      | XOM: potion effect (brilliance)
   296 | D:1      | Reached XP level 3. HP: 24/24 MP: 3/3
   324 | D:1      | Reached skill level 5 in Short Blades
   832 | D:2      | Reached XP level 4. HP: 28/29 MP: 4/4
   887 | D:2      | Noticed a swamp drake
   887 | D:2      | a worm changed into a swamp drake
   887 | D:2      | XOM: polymorph worm -> swamp drake
   896 | D:2      | Killed a swamp drake
   896 | D:2      | Reached skill level 6 in Short Blades
   896 | D:2      | Reached XP level 5. HP: 16/34 MP: 5/5
  1213 | D:2      | Noticed Jessica
  1217 | D:2      | Killed Jessica
  1217 | D:2      | Reached skill level 7 in Short Blades
  1229 | D:2      | XOM: cloud trail
  1309 | D:3      | Reached XP level 6. HP: 34/39 MP: 6/6
  1350 | D:3      | XOM: 1-stop teleportation journey
  1677 | D:3      | XOM: cloud trail
  2028 | D:3      | Reached skill level 5 in Fighting
  2049 | D:3      | XOM: divination: detect creatures
  2166 | D:4      | Reached skill level 8 in Short Blades
  2203 | D:4      | XOM: smoke on damage
  2204 | D:4      | Slain by a worker ant

Levels and vault maps discovered:
D:1:      ncdulo_watergridlock, layout_basic
D:2:      layout_loops_ring, minmay_pentomino_w4, uniq_jessica
D:3:      wad_crossroads, layout_loops_ring
D:4:      layout_rooms, hangedman_minor_gate_pass

Skill      XL: |  1  2  3  4  5  6 |
---------------+-------------------+-----
Short Blades   | 5 6 7 8 |  8.1
Fighting       | 4 5 |  5.0
Armour         | |  0.7
Dodging        | |  2.8

Action                   |  1- 3 |  4- 6 || total
-------------------------+-------+-------++-------
Melee: Short sword       |    96 |   160 ||   256
Throw: Dart              |       |    11 ||    11
  Use: Potion            |       |     2 ||     2
       Scroll            |       |     3 ||     3
 Stab: Paralysed         |     1 |     2 ||     3
       Confused          |       |     2 ||     2
       Sleeping          |       |     5 ||     5
  Eat: Chunk             |     5 |     6 ||    11
Armor: Leather armour    |    21 |       ||    21
       Ring mail         |     2 |    45 ||    47
Dodge: Dodged            |    54 |    66 ||   120

Table legend:
 A = Non-vault XP
 B = Vault XP
 C = Vault XP percentage of total XP
 D = Non-vault monster count
 E = Vault monster count
 F = Vault count percentage of total count
                 A         B        C        D         E       F
            +---------+---------+-------+---------+---------+-------
      Total |     305 |     182 |  37.4 |      52 |      14 |  21.2
            +---------+---------+-------+---------+---------+-------
        D:1 |      39 |       0 |   0.0 |      19 |       0 |   0.0
        D:2 |     164 |      58 |  26.1 |       9 |       6 |  40.0
        D:3 |      92 |      27 |  22.7 |      21 |       4 |  16.0
        D:4 |      10 |      97 |  90.7 |       3 |       4 |  57.1
            +---------+---------+-------+---------+---------+-------
